Map: Dusty Gorge

Players

FrAcTaL - Winner!

  • Race: Zerg Zerg
  • Spawn Location: 11:00

JinSilver - Winner!

  • Race: Terran Terran
  • Spawn Location: 9:00

OpuS

  • Race: Protoss Protoss
  • League: Diamond
  • Spawn Location: 5:00

Sketchaphone

  • Race: Zerg Zerg
  • League: Gold
  • Spawn Location: 3:00

VOD

Have the link to the VOD?

Description

Time

  • Played on: Jan. 20, 2019, 8:05 p.m.
  • Length: 5:31
Show
View Real Time Build Order
Export as new Build Order

FrAcTaL Zerg - Winner!

Build Orders: 1 Base Baneling Bust, Pool First 

Get SALT Encoding   

  12  0:02  Drone  
  13  0:15  Extractor  
  12  0:26  Spawning Pool  
  11  0:30  Drone  
  13  0:35  Drone  
  13  0:41  Drone  
  14  0:54  Overlord  
  14  1:15  Metabolic Boost  
  14  1:16  Zergling x2  
  14  1:17  Zergling x4  
  17  1:32  Zergling x2  
  18  1:43  Queen  
  18  1:45  Overlord  
  20  2:04  Zergling x4  
  21  2:20  Zergling x2  
  22  2:43  Zergling x6  
  24  2:52  Baneling Nest  
  22  3:06  Zergling x6  
  24  3:26  Zergling x4  
  26  3:38  Spore Crawler  
  23  3:46  Zergling x4  
  21  4:06  Zergling x4  
  22  4:16  Zergling x4  
  22  4:17  Zergling x2  
  24  4:31  Hatchery, Baneling  
  23  4:32  Baneling x4  
  23  4:35  Zergling x4  
Show
View Real Time Build Order
Export as new Build Order

JinSilver Terran - Winner!

Build Orders:  

Get SALT Encoding   

  12  0:01  SCV  
  13  0:19  SCV  
  13  0:20  Supply Depot  
  14  0:31  SCV  
  15  0:46  Barracks  
  15  0:49  Barracks  
  15  0:54  SCV  
  16  1:06  SCV  
  17  1:11  Barracks  
  17  1:18  SCV  
  18  1:30  SCV  
  19  1:40  Barracks  
  19  1:43  Supply Depot  
  19  1:50  Orbital Command  
  19  2:11  Refinery  
  19  2:12  Marine x2  
  21  2:22  Refinery  
  21  2:30  Marine x2  
  21  2:34  Marine  
  24  2:42  Supply Depot  
  24  2:43  Marine  
  25  2:48  Marine x2  
  25  2:51  SCV  
  28  2:52  Marine  
  28  2:55  Supply Depot  
  29  3:01  Marine  
  29  3:03  SCV  
  31  3:05  Marine  
  31  3:06  Marine  
  31  3:10  Marine  
  34  3:15  SCV  
  34  3:18  Marine  
  36  3:23  Marine x2  
  38  3:27  SCV  
  38  3:28  Marine  
  40  3:36  Supply Depot  
  40  3:37  Engineering Bay  
  40  3:39  SCV  
  41  3:51  Marine, SCV  
  41  3:53  Marine x2  
  45  4:00  Marine  
  46  4:09  Marine  
  47  4:10  Marine  
  47  4:11  Marine  
  49  4:18  Marine  
  50  4:27  Marine  
  50  4:28  Marine  
  50  4:29  Marine  
  53  4:36  Marine  
  54  4:44  Marine  
  55  5:12  Marine  
Show
View Real Time Build Order
Export as new Build Order

OpuS Protoss 

Build Orders: Oracle Opening 

Get SALT Encoding   

  12  0:01  Probe  
  13  0:13  Probe  
  14  0:20  Pylon  
  14  0:25  Probe  
  15  0:38  Probe  
  16  0:45  Gateway  
  16  0:50  Probe  
  16  0:56  Assimilator  
  17  1:00  Probe  
  18  1:08  Probe  
  18  1:16  Probe  
  20  1:27  Probe  
  20  1:30  Pylon  
  21  1:35  Cybernetics Core, Probe  
  21  1:39  Assimilator  
  22  1:44  Probe  
  23  1:55  Probe  
  23  1:56  Zealot  
  26  2:16  Stargate  
  26  2:29  Nexus  
  26  2:36  Zealot  
  28  2:42  Probe  
  29  2:45  Pylon  
  29  2:50  Pylon  
  29  2:55  Probe  
  30  2:59  Oracle  
  31  3:16  Probe  
  32  3:30  Zealot  
  32  3:39  Oracle  
  27  3:55  Gateway  
  30  3:57  Gateway  
  30  4:08  Pylon  
  27  4:31  Probe x2  
Show
View Real Time Build Order
Export as new Build Order

Sketchaphone Zerg 

Build Orders: Hatch First 

Get SALT Encoding   

  12  0:02  Drone  
  13  0:13  Overlord  
  13  0:21  Drone  
  14  0:24  Extractor  
  14  0:25  Drone  
  15  0:32  Drone  
  16  0:37  Drone  
  17  0:42  Extractor  
  17  0:46  Drone  
  17  1:08  Hatchery  
  17  1:09  Drone  
  17  1:27  Spawning Pool  
  16  1:36  Drone  
  17  1:48  Drone  
  17  1:50  Overlord, Drone  
  19  2:00  Drone  
  20  2:17  Spine Crawler  
  20  2:18  Queen, Zergling x2  
  22  2:24  Zergling x2  
  22  2:25  Zergling x2  
  21  2:48  Spine Crawler  
  19  2:52  Drone x2  
  20  3:01  Drone x2  
  22  3:12  Spine Crawler  
  20  3:13  Zergling x2  
  22  3:23  Spine Crawler  
  22  3:24  Zergling x2  
  22  3:25  Zergling x2  
  21  3:37  Drone x3  
  24  3:45  Roach Warren  
  20  4:06  Drone  
  20  4:07  Drone  
  20  4:08  Drone x2  
  20  4:09  Metabolic Boost  
  24  4:10  Drone  
  25  4:31  Roach x4  
  33  4:33  Overlord  
  33  4:41  Roach  
  33  4:43  Overlord  
  35  4:59  Roach x3  
Tags
 
Add a new tag
Caveats
  • Supply blocks, unpowered buildings, or Contaminate may cause inaccurate times.
  • Supply counts are checked every 10 seconds.